 Dungeon Crawl Stone Soup version 0.29.0-4-gdea44cf6ec (webtiles) character file.

Game seed: 13803614895651723433

16 qw the Firebug (level 2, -1/24 HPs)
             Began as a Ghoul Fire Elementalist on Aug 30, 2022.
             Slain by a jackal (2 damage)
             ... on level 2 of the Dungeon.
             The game lasted 00:00:32 (590 turns).

qw the Firebug (Ghoul Fire Elementalist)             Turns: 590, Time: 00:00:32

Health: -1/24      AC:  5    Str: 11    XL:     2   Next: 54%
Magic:  3/3        EV: 10    Int: 10    God:
Gold:   42         SH:  0    Dex:  9    Spells: 3/4 levels left

rFire   . . .      SeeInvis .     - Unarmed
rCold   + . .      Faith    .   (no shield)
rNeg    + + +      Spirit   .   g - +0 ring mail
rPois   inf        Reflect  .   (no helmet)
rElec   .          Harm     .   (no cloak)
rCorr   .          Rampage  .   (no gloves)
Will    .....                   (no boots)
Stlth   +.........              (no amulet)
HPRegen 0.00/turn               (no ring)
MPRegen 0.08/turn               (no ring)

@: inhibited regen
A: claws 1, cold resistance 1, negative energy resistance 3, inhibited
regeneration, torment resistance 2, devour on kill
a: no special abilities


You were on level 2 of the Dungeon.
You visited 1 branch of the dungeon, and saw 2 of its levels.

You collected 42 gold pieces.


Innate Abilities, Weirdness & Mutations

You are immune to poison.
You have sharp fingernails.
Your flesh is cold resistant. (rC+)
You are immune to negative energy. (rN+++)
You do not regenerate when monsters are visible.
You are immune to unholy pain and torment.
You thrive by killing the living.


   Skills:
 - Level 1.8 Fighting
 - Level 1.7 Dodging
 - Level 2.1 Stealth
 + Level 1.2 Unarmed Combat
 - Level 1.7 Spellcasting
 - Level 0.7 Conjurations
 - Level 2.4 Fire Magic


You had 3 spell levels left.
You knew the following spells:

 Your Spells              Type           Power      Damage    Failure   Level
a - Foxfire               Conj/Fire      16%        2x1d4     38%         1

Your spell library contained the following spells:

 Spells                   Type           Power      Damage    Failure   Level
 Scorch                   Fire           10%        2d5       41%         2
 Conjure Flame            Conj/Fire      4%         6-21      77%         3
 Inner Flame              Hex/Fire       3%         N/A       82%         3
 Flame Wave               Conj/Fire      4%         2d5       99%         4

Inventory:

Missiles
 h - 2 boomerangs (quivered)
Armour
 g - a +0 ring mail (worn)
Jewellery
 a - a +6 ring of intelligence
 j - a ring of fire
Scrolls
 e - a scroll of identify
Potions
 f - a potion of cancellation {unknown}

Dungeon Overview and Level Annotations

Branches:
Dungeon (2/15)

Altars:


Message History

The adder is heavily wounded.
The jackal barely misses you. The adder bites you. The jackal bites you.
The adder closely misses you. The jackal closely misses you.
You scratch the adder but do no damage.
The adder is heavily wounded.
The jackal completely misses you. The jackal misses you.
The adder bites you but does no damage. The jackal bites you.
You miss the adder.
The adder is heavily wounded.
The jackal closely misses you. The jackal barely misses you.
The jackal bites you but does no damage.
The adder bites you but does no damage.
The jackal bites you but does no damage.
The jackal barely misses you.
You miss the adder.
The adder is heavily wounded.
The jackal barely misses you. The adder bites you but does no damage.
The jackal bites you but does no damage. x2
The adder bites you.
The jackal bites you but does no damage.
You closely miss the adder.
The adder is heavily wounded.
The jackal bites you. The jackal barely misses you.
The jackal closely misses you. The adder barely misses you.
You miss the adder.
The adder is heavily wounded.
The jackal barely misses you.
The jackal bites you but does no damage. x2
The adder barely misses you. The jackal barely misses you.
The jackal bites you.
You barely miss the adder.
The adder is heavily wounded.
The jackal bites you. The adder bites you but does no damage.
The jackal bites you but does no damage.
The jackal closely misses you.
The jackal bites you but does no damage.
You barely miss the adder.
The adder is heavily wounded.
The adder closely misses you. The jackal barely misses you.
The jackal bites you.
You die...

#.#....[.#
###.#...####
#.##.......#
..........<#
###.##....#
#.##.##.#
#.......#
####h####
#.h@# #.Sh#
#..h. #...%#
####.# .# ..
8%


You could see an adder and 4 jackals.

Vanquished Creatures
  An adder (D:2)
  A bat (D:1)
  2 quokkas
  2 ball pythons
  A frilled lizard (D:2)
  A rat (D:2)
8 creatures vanquished.

Notes
Turn   | Place    | Note
-------+----------+-------------------------------------------
     0 | D:1      | qw the Ghoul Fire Elementalist began the quest for the Orb.
     0 | D:1      | Reached XP level 1. HP: 14/14 MP: 2/2
     0 | D:1      | 0 ||| qw: Version: 0.1-a-90-g952f4b7
     0 | D:1      | 0 ||| qw: Game counter: 4265
     0 | D:1      | 0 ||| qw: Always use a shield: true
     0 | D:1      | 0 ||| qw: God list: Okawaru
     0 | D:1      | 0 ||| qw: Allow faded altars: false
     0 | D:1      | 0 ||| qw: Do Orc after D:15 true
     0 | D:1      | 0 ||| qw: Do second Lair branch before Depths: true
     0 | D:1      | 0 ||| qw: Lair rune preference: random
     0 | D:1      | 0 ||| qw: Plans: Normal
     0 | D:1      | 0 ||| PLANNING D:1-11
   281 | D:1      | Reached skill level 1 in Unarmed Combat
   347 | D:1      | 347 ||| UPGRADING to +0 ring mail.
   357 | D:1      | 357 ||| DROPPING +0 robe.
   358 | D:1      | 358 ||| READING scroll labelled WAIDGH FIUMO.
   359 | D:1      | 359 ||| READING 2 scrolls labelled PISYXI QETRO.
   360 | D:1      | 360 ||| READING scroll labelled PIAGEKK LUOPLU.
   361 | D:1      | 361 ||| READING scroll labelled EWEFEBUSULU.
   366 | D:1      | 366 ||| DROPPING potion of magic.
   389 | D:2      | 389 ||| Stepping ~*~*~tactically~*~*~ (stealth).
   490 | D:2      | Reached skill level 1 in Fighting
   490 | D:2      | Reached XP level 2. HP: 19/24 MP: 3/3
   568 | D:2      | 568 ||| Stepping ~*~*~tactically~*~*~ (stealth).
   587 | D:2      | HP: 5/24 [jackal (2)]
   589 | D:2      | HP: 1/24 [jackal (3)]
   590 | D:2      | Slain by a jackal

Levels and vault maps discovered:
D:1:      dreamdust_arrival_sigmund_warning, layout_rooms
D:2:      wad_crossroads, layout_loops_cross

Skill      XL: |  1 |
---------------+----+-----
Unarmed Combat | 1 |  1.2
Fighting       | 1 |  1.8
Dodging        | |  1.7
Stealth        | |  2.1
Spellcasting   | |  1.7
Conjurations   | |  0.7
Fire Magic     | |  2.4

Action                   || total
-------------------------++-------
Melee: Unarmed           ||    44
Throw: Boomerang         ||     8
  Use: Scroll            ||     4
Armor: Ring mail         ||    29
       Robe              ||     3
Dodge: Dodged            ||    42

Table legend:
 A = Non-vault XP
 B = Vault XP
 C = Vault XP percentage of total XP
 D = Non-vault monster count
 E = Vault monster count
 F = Vault count percentage of total count
                 A         B        C        D         E       F
            +---------+---------+-------+---------+---------+-------
      Total |      23 |       0 |   0.0 |       8 |       0 |   0.0
            +---------+---------+-------+---------+---------+-------
        D:1 |       5 |       0 |   0.0 |       3 |       0 |   0.0
        D:2 |      18 |       0 |   0.0 |       5 |       0 |   0.0
            +---------+---------+-------+---------+---------+-------
